 Dungeon Crawl Stone Soup version 0.23.1 (webtiles) character file.

Game seed: 11524507827671090110

276 1994 the Ruffian (level 6, -2/61 HPs)
             Began as an Ogre Transmuter on Mar 6, 2019.
             Slain by Grinder (6 damage)
             ... while paralysed by Grinder
             ... on level 3 of the Dungeon.
             The game lasted 00:10:56 (3170 turns).

1994 the Ruffian (Ogre Transmuter)                  Turns: 3170, Time: 00:10:56

Health: -2/61      AC:  2    Str: 15    XL:     6   Next: 25%
Magic:  6/10       EV:  5    Int: 14    God:
Gold:   41         SH:  0    Dex: 16    Spells: 1/11 levels left

rFire    . . .     SeeInvis .     - Unarmed
rCold    . . .     Gourm    .   (shield currently unavailable)
rNeg     . . .     Faith    .   (armour currently unavailable)
rPois    x         Spirit   .   (helmet currently unavailable)
rElec    .         Reflect  .   (cloak currently unavailable)
rCorr    .         Harm     .   (gloves unavailable)
MR       .....                  (boots unavailable)
Stlth    ++........             (no amulet)
HPRegen  0.20/turn              (no ring)
MPRegen  0.12/turn              (no ring)

@: paralysed, spider-form (expiring)
A: tiny, unfitting armour
a: End Transformation


You were on level 3 of the Dungeon.
You were hungry.
You were a venomous arachnid creature.
You visited 1 branch of the dungeon, and saw 3 of its levels.

You collected 41 gold pieces.

Inventory:

Missiles
 a - 48 arrows
Armour
 b - a +0 robe (melded)
 s - a +1 cloak (melded)
Wands
 n - a wand of enslavement (5)
Scrolls
 e - 2 scrolls of remove curse {unknown}
 g - 6 scrolls of identify {unknown}
 h - 2 scrolls of teleportation {unknown}
 i - 2 scrolls of immolation {unknown}
 q - a scroll of random uselessness {unknown}
 r - a scroll of enchant armour {unknown}
Potions
 c - a potion of berserk rage {unknown}
 f - a potion of ambrosia {unknown}
 j - a potion of brilliance {unknown}
 k - a potion of lignification {unknown}
 l - a potion of agility {unknown}
 m - a potion of cancellation {unknown}
 p - a potion of curing {unknown}
Comestibles
 d - 3 rations


   Skills:
 + Level 3.5 Fighting
 * Level 2.9 Dodging
 + Level 1.2 Stealth
 * Level 3.7 Unarmed Combat
 + Level 3.2 Spellcasting
 * Level 3.0 Transmutations


You had one spell level left.
You knew the following spells:

 Your Spells              Type           Power        Failure   Level  Hunger
a - Beastly Appendage     Tmut           ##....       17%         1    #......
b - Sticks to Snakes      Tmut           ##......     22%         2    ##.....
c - Spider Form           Tmut/Pois      #.........   54%         3    ###....
d - Ice Form              Ice/Tmut       #.......     88%         4    #####..

Your spell library contained the following spells:

 Spells                   Type           Power        Failure   Level  Hunger
 Blade Hands              Tmut           ##........   95%         5    ######.


Dungeon Overview and Level Annotations

Branches:
Dungeon (3/15)

Altars:

Annotations:
D:3 Grinder


Innate Abilities, Weirdness & Mutations

You are too large for most types of armour.
((You have tough skin. (AC +1)))


Message History

Casting: Spider Form (safe; 32% risk of failure)
Confirm with . or Enter, or press ? or * to list all spells.
You turn into a venomous arachnid creature.
Your +1 cloak melds into your body.
Your +0 robe melds into your body.
You are feeling hungry.
Grinder gestures at you.
You suddenly lose the ability to move!
Grinder hits you but does no damage. Grinder hits you.
You writhe in agony.
Grinder hits you!
You writhe in agony.
Your transformation is almost over.
Grinder gestures at you.
You struggle to resist.
Grinder says, "DUCK!"
Grinder hits you.
You writhe in agony.
* * * LOW HITPOINT WARNING * * *
Grinder hits you!
* * * LOW HITPOINT WARNING * * *
You writhe in agony.
You die...

####...#. .......
...... . ......)
#...#.# #...#.#
## #...#.#
....##...#
....#s.## .... .#
#..#5.#
...##..####..#..#
#..##...........#
#..##..####..##.#
###.......#
#..##.#
.....##..#
#.....#
#.#.##..###.##..#
#...........##..#


You could see Grinder.

Vanquished Creatures
  A centaur (D:2)
  Terence (D:2)
  4 adders
  3 gnolls (D:3)
  3 worms
  3 dart slugs
  4 leopard geckos
  8 orcs (D:3)
  5 giant cockroaches
  4 goblins
  8 hobgoblins
  6 jackals
  A quokka (D:3)
  10 bats
  6 frilled lizards
  10 kobolds
  6 rats
83 creatures vanquished.

Notes
Turn   | Place    | Note
-------+----------+-------------------------------------------
     0 | D:1      | 1994 the Ogre Transmuter began the quest for the Orb.
     0 | D:1      | Reached XP level 1. HP: 19/19 MP: 3/3
   361 | D:1      | Reached XP level 2. HP: 22/27 MP: 2/5
   517 | D:1      | Learned a level 2 spell: Sticks to Snakes
   723 | D:1      | Reached XP level 3. HP: 31/35 MP: 6/6
   770 | D:1      | Learned a level 3 spell: Spider Form
  1168 | D:2      | Noticed a centaur
  1173 | D:2      | Killed a centaur
  1173 | D:2      | Reached XP level 4. HP: 42/44 MP: 3/8
  1173 | D:2      | Reached XP level 5. HP: 50/52 MP: 3/9
  1525 | D:2      | Reached skill level 1 in Stealth
  1547 | D:2      | Noticed Terence
  1553 | D:2      | Killed Terence
  1885 | D:2      | Learned a level 4 spell: Ice Form
  2516 | D:3      | Reached XP level 6. HP: 32/61 MP: 1/10
  3143 | D:3      | Noticed Grinder
  3164 | D:3      | Paralysed by Grinder for 7 turns
  3170 | D:3      | Slain by Grinder

Skill      XL: |  1  2  3  4  5  6 |
---------------+-------------------+-----
Transmutations | 2 3 |  3.0
Dodging        | 2 |  2.9
Unarmed Combat | 3 |  3.7
Fighting       | 2 3 |  3.5
Stealth        | 1 |  1.2
Spellcasting   | 3 |  3.2

Action                   |  1- 3 |  4- 6 || total
-------------------------+-------+-------++-------
Melee: Unarmed           |   104 |   204 ||   308
       Headbutt          |     2 |     8 ||    10
       Kick              |     8 |    12 ||    20
       Punch             |     1 |       ||     1
 Cast: Beastly Appendage |    12 |    21 ||    33
       Spider Form       |     1 |     9 ||    10
 Stab: Sleeping          |     1 |     2 ||     3
  Eat: Chunk             |     1 |     8 ||     9
Armor: Robe              |    24 |    39 ||    63
       Skin              |       |     2 ||     2
Dodge: Dodged            |    45 |   107 ||   152
